 Dungeon Crawl Stone Soup version 0.30-a0-377-g5cb311bc9f (webtiles) character file.

Game seed: 8564103768081003365

2372 arthad the Trooper (level 9, -8/58 HPs)
             Began as a Gargoyle Fighter on Nov 27, 2022.
             Was a Priest of Okawaru.
             Mangled by an orc warrior
             ... wielding a +0 halberd
              (15 damage)
             ... on level 6 of the Dungeon.
             The game lasted 00:23:01 (5812 turns).

arthad the Trooper (Gargoyle Fighter)               Turns: 5812, Time: 00:23:02

Health: -8/58      AC: 15    Str: 24    XL:     9   Next: 45%
Magic:  11/11      EV: 10    Int:  9    God:    Okawaru [***...]
Gold:   286        SH:  5    Dex:  9    Spells: 8/8 levels left

rFire   . . .      SeeInvis +    a - +0 war axe
rCold   . . .      Faith    +    c - +1 buckler
rNeg    + . .      Spirit   .    b - +0 scale mail
rPois   ∞          Reflect  .    (no helmet)
rElec   +          Harm     .    (no cloak)
rCorr   .          Rampage  .    h - +0 pair of gloves
Will    .....                    (no boots)
Stlth   +.........               g - amulet of faith
HPRegen 0.29/turn                u - ring of see invisible
MPRegen 0.12/turn                (no ring)

@: no status effects
A: sickness immunity, AC +6, negative energy resistance 1, electricity
resistance, torment resistance 1, petrification resistance
a: Renounce Religion, Heroism


You were on level 6 of the Dungeon.
You worshipped Okawaru.
Okawaru was most pleased with you.
You visited 2 branches of the dungeon, and saw 8 of its levels.
You also visited: Sewer and Ossuary.

You collected 286 gold pieces.

Inventory:

Hand Weapons
 a - a +0 war axe (weapon)
 k - a +1 vorpal mace
 o - a +0 whip of flaming
 B - a +2 antimagic spear
 D - a +4 flail
Missiles
 d - 3 poisoned darts (quivered)
 l - 2 curare-tipped darts
 y - 3 atropa-tipped darts
 C - 6 boomerangs
Armour
 b - a +0 scale mail (worn)
 c - a +1 buckler (worn)
 h - a +0 pair of gloves (worn)
Jewellery
 g - an amulet of faith (around neck)
 u - a ring of see invisible (left hand)
Wands
 G - a wand of quicksilver (7)
Scrolls
 j - a scroll of enchant armour
 r - a scroll of amnesia
 s - 3 scrolls of identify
 E - a scroll of fear {unknown}
 F - a scroll of enchant weapon {unknown}
 H - a scroll of immolation {unknown}
Potions
 e - 4 potions of flight
 f - 2 potions of heal wounds
 i - a potion of curing
 m - 2 potions of mutation {unknown}
 n - 4 potions of degeneration
 p - 2 potions of magic
 q - 2 potions of cancellation
 t - a potion of invisibility {unknown}
 v - 2 potions of haste
 w - 2 potions of lignification
 x - 2 potions of attraction {unknown}
 z - a potion of ambrosia {unknown}
 A - a potion of brilliance


   Skills:
 * Level 7.7 Fighting
 * Level 6.0 Axes
 * Level 6.6 Armour
 - Level 2.6 Dodging
 - Level 3.3 Stealth
 - Level 5.3 Shields
 + Level 2.7 Invocations


You had 8 spell levels left.
You didn't know any spells.
Your spell library contained the following spells:

 Spells                   Type           Power      Damage    Failure   Level
 Apportation              Tloc           0%         N/A       75%         1
 Necrotise                Necr           0%         1d4       75%         1
 Blink                    Tloc           0%         N/A       87%         2
 Momentum Strike          Conj/Tloc      0%         3d8       87%         2
 Wereblood                Tmut           0%         N/A       87%         2
 Lesser Beckoning         Tloc           0%         N/A       98%         3
 Cause Fear               Hex            0%         N/A       100%        4
 Dispel Undead            Necr           0%         3d6       100%        4
 Dragon Form              Tmut           0%         N/A       100%        7
 Borgnjor's Revivificati  Necr           0%         N/A       100%        8
 Necromutation            Tmut/Necr      0%         N/A       100%        8
 Death's Door             Necr           0%         N/A       100%        9
 Summon Small Mammal      Summ           Unusable   N/A       N/A         1
 Cigotuvi's Dreadful Rot  Necr/Pois/Air  Unusable   N/A       N/A         2
 Sublimation of Blood     Necr           Unusable   N/A       N/A         2
 Death Channel            Necr           Unusable   N/A       N/A         6
 Summon Hydra             Summ           Unusable   N/A       N/A         7
 Dragon's Call            Summ           Unusable   N/A       N/A         9

Dungeon Overview and Level Annotations

Branches:
Dungeon (7/15)             Temple (1/1) D:4           Sewer (visited)
Ossuary (visited)

Altars:
Ashenzari
Cheibriados
Dithmenos
Elyvilon
Fedhas
Gozag
Hepliaklqana
Kikubaaqudgha
Makhleb
Nemelex Xobeh
Okawaru
Qazlal
Ru
Sif Muna
Uskayaw
Vehumet
Wu Jian
Xom
Zin
The Shining One

Shops:
D:6 *


Innate Abilities, Weirdness & Mutations

You are immune to sickness and miasma.
Your stone body is resilient. (AC +6)
You are immune to poison.
You resist negative energy. (rN+)
You are resistant to electric shocks. (rElec)
You are resistant to unholy torment.
You are immune to petrification.


Message History

The orc warrior barely misses you.
The orc warrior unwields a +0 halberd.
The orc warrior wields a +4 sling.
The orc warrior shoots a sling bullet.
The sling bullet closely misses you.
Things that are here:
a +0 dagger; a +0 robe The orc warrior unwields a +4 sling.
The orc warrior wields a +0 halberd.
The orc warrior hits you with a +0 halberd.
The orc warrior unwields a +0 halberd.
The orc warrior wields a +4 sling.
The orc warrior shoots a sling bullet.
The sling bullet barely misses you.
Things that are here:
a +0 dagger; a +0 robe
Okay, then.
You feel less confused.
You feel like a meek peon again.
The orc warrior shoots a sling bullet.
You block the sling bullet.
Things that are here:
+0 steam dragon scales; a steam dragon corpse The orc warrior unwields a +4 sling.
The orc warrior wields a +0 halberd.
You block the orc warrior's attack.
You hit the orc warrior but do no damage.
The orc warrior is moderately wounded.
The orc warrior barely misses you.
You closely miss the orc warrior.
The orc warrior is moderately wounded.
The orc warrior closely misses you.
You barely miss the orc warrior.
The orc warrior is moderately wounded.
The orc warrior hits you with a +0 halberd!
* * * LOW HITPOINT WARNING * * *
You barely miss the orc warrior.
The orc warrior is moderately wounded.
The orc warrior barely misses you.
You slash the orc warrior!
The orc warrior is almost dead.
The orc warrior hits you with a +0 halberd!
* * * LOW HITPOINT WARNING * * *
You block the orc warrior's attack.
You completely miss the orc warrior.
The orc warrior is almost dead.
The orc warrior hits you with a +0 halberd!
You die...

.....##..##
##.## ###
........##
#.# ..)
.......##
#.# =.
.####### #.#
..## ## ##.#
...### #
#..###......
##....)..#
#..))[...#
#...>@)..#
#..#.o##..#
#.###.# #.#
#. #.# .. #.
#.# . #..
#.. #...


You could see an orc warrior.

Vanquished Creatures
  Grinder (D:6)
  Sigmund (D:4)
  A steam dragon (D:6)
  Duvessa (D:6)
  An ogre (D:5)
  A phantom (D:5)
  A necrophage (D:5)
  2 gnoll sergeants
  6 water moccasin zombies (Ossuary)
  A scorpion (D:5)
  Dowan (D:6)
  5 jellies
  A hound (D:7)
  3 orc priests
  An iguana (D:7)
  3 orc wizards
  2 mummies (Ossuary)
  19 gnolls
  15 river rats
  12 adders
  2 ufetubi
  5 adder zombies (Ossuary)
  4 worms
  11 orcs
  15 ball pythons
  12 endoplasms
  5 giant cockroaches
  3 gnoll zombies (Ossuary)
  7 goblins
  6 hobgoblins
  8 jackals (D:1)
  6 kobolds
  12 quokkas
  5 bats
  13 frilled lizards
  2 hobgoblin zombies (Ossuary)
  5 kobold zombies (Ossuary)
  3 orc zombies (Ossuary)
  21 rats
223 creatures vanquished.

Notes
Turn   | Place    | Note
-------+----------+-------------------------------------------
     0 | D:1      | arthad the Gargoyle Fighter began the quest for the Orb.
     0 | D:1      | Reached XP level 1. HP: 14/14 MP: 1/1
    29 | D:1      | Reached XP level 2. HP: 13/19 MP: 2/2
   120 | D:1      | Reached XP level 3. HP: 10/23 MP: 3/3
   777 | D:2      | Reached XP level 4. HP: 29/29 MP: 4/4
   790 | D:2      | Reached skill level 1 in Stealth
  1262 | D:3      | Reached skill level 4 in Fighting
  1358 | D:3      | Found a radiant altar of Vehumet.
  1755 | D:4      | Found a glowing drain.
  1765 | D:4      | Reached XP level 5. HP: 31/33 MP: 5/5
  1774 | Sewer    | Entered a sewer
  2067 | Sewer    | Reached skill level 1 in Dodging
  2188 | Sewer    | Reached XP level 6. HP: 27/39 MP: 6/6
  2257 | Sewer    | Found a viscous altar of Jiyva.
  2510 | D:4      | Found a staircase to the Ecumenical Temple.
  2548 | Temple   | Entered the Ecumenical Temple
  2717 | Temple   | Became a worshipper of Warmaster Okawaru
  2787 | D:4      | Noticed Sigmund
  2799 | D:4      | Killed Sigmund
  2800 | D:4      | Reached skill level 5 in Fighting
  2800 | D:4      | Reached XP level 7. HP: 33/44 MP: 7/7
  2844 | D:4      | Reached * piety under Okawaru
  2878 | D:4      | Found a hazy altar of Hepliaklqana.
  3104 | D:5      | Entered Level 5 of the Dungeon
  3143 | D:5      | Found a sand-covered staircase.
  3150 | Ossuary  | Entered an ossuary
  3427 | Ossuary  | Reached ** piety under Okawaru
  3428 | Ossuary  | Reached XP level 8. HP: 50/51 MP: 8/8
  3532 | D:5      | Reached skill level 6 in Fighting
  3855 | D:5      | Reached skill level 5 in Armour
  3855 | D:5      | Reached skill level 5 in Shields
  4081 | D:5      | Found an opulent altar of Gozag.
  4097 | D:5      | Found a shimmering altar of Xom.
  4097 | D:5      | Found a snail-covered altar of Cheibriados.
  4098 | D:5      | Found a stormy altar of Qazlal.
  4100 | D:5      | Found an ornate altar of the Wu Jian Council.
  4102 | D:5      | Found a hide-covered altar of Uskayaw.
  4138 | D:5      | Reached skill level 1 in Invocations
  4333 | D:5      | Reached skill level 5 in Axes
  4946 | D:6      | Noticed Dowan
  4953 | D:6      | Noticed Duvessa
  5122 | D:6      | Noticed Grinder
  5123 | D:6      | Paralysed by Grinder for 4 turns
  5135 | D:6      | Killed Grinder
  5135 | D:6      | Reached *** piety under Okawaru
  5136 | D:6      | Reached skill level 7 in Fighting
  5136 | D:6      | Reached XP level 9. HP: 57/57 MP: 8/10
  5239 | D:6      | Killed Duvessa
  5246 | D:6      | Killed Dowan
  5306 | D:6      | Found Hotom's General Store.
  5352 | D:6      | You fall into a shaft and drop 1 floor!
  5352 | D:7      | Found a glowing golden altar of the Shining One.
  5812 | D:6      | Mangled by an orc warrior

Illustrated notes

Levels and vault maps discovered:
D:1:      minmay_arrival_cross, layout_rooms, kennysheep_small_spiral,
          patterned_corridor
D:2:      layout_loops_ring, grunt_ministairs_7
D:3:      layout_rooms, mainiacjoe_overflow_24_doors
D:4:      layout_loops_ring, old_standard_altar,
          minmay_temple_entry_glassed_door, portal_sewer_entry_d, uniq_sigmund
D:5:      lemuel_ratsnest, layout_basic, minitemple,
          lightli_ossuary_entry_decrepit_ruins
D:6:      cheibrodos_quashed, layout_layer_cave, serial_shops, shop,
          uniq_duvessa, uniq_grinder, uniq_edmund
D:7:      layout_rooms, tso_metal_star, uniq_menkaure
Temple:   chequers_temple_sunken

Skill      XL: |  1  2  3  4  5  6  7  8  9 |
---------------+----------------------------+-----
Axes           | 2 3 4 5 6 |  6.0
Stealth        | 1 2 3 |  3.3
Fighting       | 4 5 7 |  7.7
Dodging        | 1 2 |  2.6
Armour         | 4 5 6 |  6.6
Shields        | 4 5 |  5.3
Invocations    | 2 |  2.7

Action                   |  1- 3 |  4- 6 |  7- 9 || total
-------------------------+-------+-------+-------++-------
Melee: War axe           |    68 |   202 |   478 ||   748
Throw: Dart              |       |     4 |     4 ||     8
Invok: Heroism           |       |       |     6 ||     6
  Use: Potion            |     1 |     3 |     6 ||    10
       Scroll            |       |     7 |       ||     7
Armor: Scale mail        |    73 |   125 |   297 ||   495
       Skin              |       |       |     2 ||     2
Dodge: Dodged            |    56 |   121 |   293 ||   470
Block: Buckler           |    20 |    64 |   169 ||   253

Table legend: (Time is in decaauts)
 A = Elapsed time spent in this place.
 B = Non-inter-level travel time spent in this place.
 C = Inter-level travel time spent in this place.
 D = Time resting spent in this place.
 E = Time spent auto-exploring this place.
 F = Levels seen in this place.
 G = Mean time per level.
                   A        B        C        D        E       F      G
               +--------+--------+--------+--------+--------+-----+--------+
         Total |   6138 |   5919 |    219 |   1079 |   3031 |  10 |  613.8 |
       Dungeon |   4843 |   4666 |    177 |    756 |   2580 |   7 |  691.9 |
        Temple |    244 |    202 |     42 |      0 |    194 |   1 |  244.0 |
         Sewer |    649 |    649 |      0 |    273 |    139 |   1 |  649.0 |
       Ossuary |    401 |    401 |      0 |     50 |    117 |   1 |  401.0 |
               +--------+--------+--------+--------+--------+-----+--------+

Top non-repeatable levels by time:
     D:5: 1542 daAuts
     D:2: 750 daAuts
     D:4: 729 daAuts
   Sewer: 649 daAuts
     D:1: 539 daAuts
     D:6: 510 daAuts
     D:3: 489 daAuts
 Ossuary: 401 daAuts
     D:7: 283 daAuts
  Temple: 244 daAuts
